 Dungeon Crawl Stone Soup version 0.31-a0-662-g684573625c (webtiles) character file.

Game seed: 12809137431285043764

340 Iich the Ruffian (level 6, -1/91 HPs)
             Began as a Troll Shapeshifter on Sept 2, 2023.
             Was an Initiate of Gozag.
             Slain by an ogre
             ... wielding a +0 giant spiked club
             ... led by the fury of Okawaru
              (15 damage)
             ... on level 4 of the Dungeon.
             The game lasted 00:08:16 (3561 turns).

Iich the Ruffian (Troll Shapeshifter)               Turns: 3561, Time: 00:08:18

Health: -1/91      AC: 23    Str: 23    XL:     6   Next: 30%
Magic:  5/5        EV:  1    Int:  6    God:    Gozag
Gold:   176        SH:  0    Dex: 11    Spells: 5/5 levels left

rFire   . .          .
                       - Unarmed
rCold   . . .        (no shield)
rNeg    . . .        a - melded +0 animal skin
rPois   +            (helmet currently unavailable)
rElec   .            (cloak currently unavailable)
rCorr   .            (gloves unavailable)
SInv    .            (boots unavailable)
Will    .....        (no amulet)
Stlth   +            s - +5 ring of evasion
HPRegen 1.15/turn    (no ring)
MPRegen 0.09/turn

%: no passive effects
@: tree-form
A: stationary, stasis, torment immunity, boosted hp, large, unfitting armour,
(claws 3), regeneration 1, (shaggy fur 1), (tough skin 1)
a: Renounce Religion, Potion Petition, Call Merchant, Bribe Branch


You were on level 4 of the Dungeon.
You worshipped Gozag.
Gozag was aware of your devotion.
You were a tree.
You visited 1 branch of the dungeon, and saw 4 of its levels.

You collected 207 gold pieces.
You paid 31 gold pieces to Gozag.

Inventory:

Armour
 a - a +0 animal skin (melded)
 g - a +0 tower shield
Jewellery
 i - a ring of magical power
 s - a +5 ring of evasion (left branch)
Talismans
 c - a beast talisman
 d - a flux talisman
 h - a maw talisman
Scrolls
 e - a scroll of enchant weapon
 f - a scroll of brand weapon
 k - a scroll of silence
 m - a scroll of fog
 p - a scroll of poison
 r - 2 scrolls of revelation
Potions
 l - a potion of heal wounds {unknown}
 o - a potion of resistance {unknown}
 t - a potion of invisibility {unknown}


   Skills:
 * Level 3.0 Fighting
 + Level 1.5 Armour
 + Level 2.8 Dodging
 + Level 3.9 Unarmed Combat
 + Level 3.9 Shapeshifting


You had 5 spell levels left.
You didn't know any spells.
Your spell library contained the following spells:

 Spells                   Type           Power      Damage    Failure   Level
 Poisonous Vapours        Pois/Air       0%         N/A       58%         2
 Mephitic Cloud           Conj/Pois/Air  0%         N/A       83%         3
 Stone Arrow              Conj/Erth      0%         3d7       83%         3
 Animate Armour           Summ/Erth      0%         N/A       99%         4
 Freezing Cloud           Conj/Ice/Air   0%         6-21      100%        5
 Lehudib's Crystal Spear  Conj/Erth      0%         10d2      100%        8


Dungeon Overview and Level Annotations

Branches:
Dungeon (4/15)
 Temple: D:4-7

Altars:
Ashenzari
Gozag
Okawaru
Qazlal
Yredelemnul

Annotations:
D:4 Eustachio


Innate Abilities, Weirdness & Mutations

You are a tree.
Your roots penetrate the ground, keeping you stationary.
You cannot be teleported.
You are immune to unholy pain and torment.
Your maximum health is greatly increased.
Your equipment is partially melded.
You are too large for most types of armour.
((You have claws for hands.))
Your natural rate of healing is unusually fast.
((You are covered in fur. (AC +1)))
((You have tough skin. (AC +1)))


Message History

The orc wizard mumbles some strange words.
The orc wizard flickers and vanishes!
Deactivating autopickup; reactivate with Ctrl-A.
The orc warrior hits you with a +0 trident!
* * * LOW HITPOINT WARNING * * *
You take 6 damage, and have 25/91 hp.
You smack the orc warrior!
The orc warrior is almost dead.
The orc warrior hits you with a +0 battleaxe.
* * * LOW HITPOINT WARNING * * *
The orc warrior hits you with a +0 trident.
* * * LOW HITPOINT WARNING * * *
You take 6 damage, and have 19/91 hp.
You smack the orc warrior!
You kill the orc warrior!
That felt strangely unrewarding.
The orc warrior completely misses you.
You smack the orc warrior!
The orc warrior is severely wounded.
The orc warrior hits you with a +0 flail.
* * * LOW HITPOINT WARNING * * *
The orc warrior completely misses you.
You take 1 damage, and have 19/91 hp.
You closely miss the orc warrior.
The orc warrior is severely wounded.
The orc warrior hits you but does no damage. x2
You pummel the orc warrior!!
You kill the orc warrior!
That felt strangely unrewarding.
Eustachio the Magnificent comes into view.
He is wielding a +0 rapier.
The orc warrior hits you with a +0 trident!
* * * LOW HITPOINT WARNING * * *
You take 7 damage, and have 13/91 hp.
Eustachio shouts!
You hit the ogre.
The ogre is severely wounded.
Eustachio casts a spell.
Eustachio blinks!
The ogre hits you with a +0 giant spiked club!
You die...
Your body crumbles into a pile of gold.

##.######.......#.......
#......#......##.......
########......+........
###...##........
#'#.#.........
#.#####.......
#.>##.#'#...#+
#########oO##...#####.
#.ooo♣O..o.'......#...
#.#######@##......#...
#.......######.#.......#...
#.####..##.....#.......+...
#g.##.##.<#.......#...
#.g##.###.##......#...
...........'......#...
.#.#######.##...#####. ...#
#.##.#'#...#'


You could see Eustachio, an orc warrior (strong), 2 ogres, an orc priest
(strong) and 3 orcs.

Vanquished Creatures
  An orc knight (D:4)
  2 orc warriors (D:4)
  An ogre (D:4)
  A gnoll sergeant (D:4)
  A scorpion (D:4)
  2 hounds (D:4)
  Jessica (D:2)
  An iguana (D:4)
  Robin (D:2)
  8 gnolls
  2 adders (D:2)
  2 worms
  A dart slug (D:1)
  13 orcs
  3 endoplasms
  2 giant cockroaches
  19 goblins
  11 hobgoblins
  3 quokkas
  3 ball pythons (D:3)
  6 bats
  3 frilled lizards
  3 kobolds
  4 rats
94 creatures vanquished.

Notes
Turn   | Place    | Note
-------+----------+-------------------------------------------
     0 | D:1      | Iich the Troll Shapeshifter began the quest for the Orb.
     0 | D:1      | Reached XP level 1. HP: 18/18 MP: 0/0
   138 | D:1      | Reached skill level 1 in Fighting
   146 | D:1      | Reached XP level 2. HP: 24/27 MP: 1/1
   871 | D:2      | Reached XP level 3. HP: 33/33 MP: 2/2
  1147 | D:2      | Noticed Jessica
  1151 | D:2      | Killed Jessica
  1152 | D:2      | Reached XP level 4. HP: 42/42 MP: 3/3
  1298 | D:2      | Noticed Robin
  1765 | D:2      | Reached XP level 5. HP: 44/49 MP: 4/4
  1770 | D:2      | Killed Robin
  2140 | D:3      | Reached skill level 1 in Armour
  2235 | D:3      | Found a stormy altar of Qazlal.
  2335 | D:3      | Identified the +9 whip "Keevue" {protect, rF+}
  2654 | D:3      | Found an iron altar of Okawaru.
  2654 | D:3      | Found a basalt altar of Yredelemnul.
  2654 | D:3      | Found a broken altar of Ashenzari.
  2667 | D:3      | Became a worshipper of Warmaster Okawaru
  2815 | D:4      | Found an opulent altar of Gozag.
  2824 | D:4      | Fell from the grace of Okawaru
  2824 | D:4      | Became a worshipper of Gozag Ym Sagoz the Greedy
  3025 | D:4      | Noticed an ogre
  3089 | D:4      | Killed an ogre
  3131 | D:4      | Reached XP level 6. HP: 58/59 MP: 5/5
  3483 | D:4      | HP: 3/61 [gnoll/+0 spear[the fury of Okawaru] (9)]
  3546 | D:4      | Noticed an orc warrior
  3546 | D:4      | Noticed an orc knight
  3546 | D:4      | Noticed an orc warrior
  3546 | D:4      | Noticed an orc warrior
  3548 | D:4      | Identified a scroll of acquirement
  3548 | D:4      | Acquired a manual of Shapeshifting
  3554 | D:4      | Killed an orc knight
  3557 | D:4      | Killed an orc warrior
  3560 | D:4      | Killed an orc warrior
  3560 | D:4      | Noticed Eustachio
  3561 | D:4      | Slain by an ogre

Illustrated notes

Levels and vault maps discovered:
D:1:      mrwooster_arrival_statue_2, layout_basic
D:2:      layout_loops_ring, serial_co_window_serial, co_window_paths_a,
          co_window_of_opportunity_a, co_window_paths_b, co_window_paths_a,
          co_window_corner_a, co_window_corner_b, co_window_paths_c,
          co_window_of_opportunity_b, co_window_2corner, co_window_corner_cb,
          co_window_broadway_a, co_window_corner_ca, glass_columns_a,
          glass_columns_b, glass_columns_b, minmay_misc_feat_diagonals,
          uniq_robin, uniq_jessica
D:3:      layout_loops_ring, gammafunk_temple_overflow_claw, grunt_qazlal_clouds
D:4:      nicolae_cairo_tiling_very_big, layout_loops_corners,
          grunt_gozag_statues, uniq_eustachio

Skill      XL: |  1  2  3  4  5  6 |
---------------+-------------------+-----
Fighting       | 1 2 3 |  3.0
Dodging        | 2 |  2.8
Armour         | 1 |  1.5
Unarmed Combat | |  3.9
Shapeshifting  | |  3.9

Action                     |  1- 3 |  4- 6 || total
---------------------------+-------+-------++-------
  Melee: Unarmed           |    52 |   176 ||   228
         Punch             |       |     3 ||     3
    Use: Potion            |     1 |     6 ||     7
         Scroll            |       |    11 ||    11
 Armour: Animal skin       |    33 |   125 ||   158
         Skin              |       |    17 ||    17
  Dodge: Dodged            |    26 |   110 ||   136

Table legend: (Time is in decaauts)
 A = Elapsed time spent in this place.
 B = Non-inter-level travel time spent in this place.
 C = Inter-level travel time spent in this place.
 D = Time resting spent in this place.
 E = Time spent auto-exploring this place.
 F = Levels seen in this place.
 G = Mean time per level.
                   A        B        C        D        E       F      G
               +--------+--------+--------+--------+--------+-----+--------+
         Total |   3545 |   3422 |    123 |    229 |   2525 |   4 |  886.2 |
       Dungeon |   3545 |   3422 |    123 |    229 |   2525 |   4 |  886.2 |
               +--------+--------+--------+--------+--------+-----+--------+

Top non-repeatable levels by time:
     D:2: 1250 daAuts
     D:4: 826 daAuts
     D:1: 781 daAuts
     D:3: 687 daAuts
